 Dungeon Crawl Stone Soup version 0.30.1-11-g7821555f0a (webtiles) character file.

Game seed: 13027205799110757624

88879 lonewolfV2 the Warrior (level 16, -4/157 HPs)
             Began as a Formicid Fighter on Dec 1, 2023.
             Was an Initiate of Jiyva.
             Killed from afar by a fire dragon (24 damage)
             ... with a blast of flame
             ... created by the adversity of Qazlal
             ... on level 5 of the Lair of Beasts.
             The game lasted 00:33:19 (21231 turns).

lonewolfV2 the Warrior (Formicid Fighter)          Turns: 21231, Time: 00:33:20

Health: -4/157     AC: 16    Str: 26    XL:     16   Next: 42%
Magic:  31/31      EV:  6    Int:  9    God:    Jiyva [......]
Gold:   1245       SH: 22    Dex: 25    Spells: 15/15 levels left

rFire   . . .        d - +2 broad axe (flame)
rCold   . . .        i - +1 tower shield
rNeg    . . .        H - +0 plate armour
rPois   .            (helmet unavailable)
rElec   .            (no cloak)
rCorr   .            (no gloves)
SInv    +            (no boots)
Will    +....        v
                       - Hermit's Pendant {Faith Invo=14 Evo=0 MP+5} Stlth
                     l - +6 ring of dexterity
HPRegen 1.26/turn    A - +6 ring of dexterity
MPRegen 0.22/turn

%: faith
@: studying Poison Magic, unable to read
A: permanent stasis, dig shafts and tunnels, antennae 3, four strong arms,
clumsy 1, regeneration 1, robust 1, inability to read after injury 1
a: Dig, Shaft Self, Renounce Religion


You were on level 5 of the Lair of Beasts.
You worshipped Jiyva.
Jiyva was noncommittal.
You visited 4 branches of the dungeon, and saw 26 of its levels.
You also visited: Bailey.

You collected 1300 gold pieces.
You spent 55 gold pieces at shops.

Inventory:

Hand Weapons
 a - a +1 war axe of venom
 d - a +2 broad axe of flaming (weapon)
 G - a +0 spectral battleaxe
Missiles
 J - a throwing net
Armour
 i - a +1 tower shield (worn)
 H - a +0 plate armour (worn)
Jewellery
 b - a +4 ring of protection
 e - a +5 ring of evasion
 l - a +6 ring of dexterity (left hand)
 m - an amulet of regeneration
 r - an amulet of reflection
 v - the Hermit's Pendant (around neck) {Faith Invo=14 Evo=0 MP+5}
   (You found it on level 4 of the Dungeon)

   [amulet of faith]

   Invo=14: It sets your Invocations skill to 14.
   Evo=0: It sets your Evocations skill to 0.
   It allows you to gain divine favour quickly.
   MP:        It affects your magic capacity (+5).
 A - a +6 ring of dexterity (right hand)
 N - a ring of protection from fire
 O - a ring of flight
 P - a ring of resist corrosion
 Q - an amulet of magic regeneration
 R - a ring of poison resistance
Wands
 t - a wand of roots (19)
 B - a wand of charming (10)
 C - a wand of flame (21)
Scrolls
 u - 5 scrolls of fog
 y - 3 scrolls of magic mapping
 z - 8 scrolls of fear
 E - a scroll of amnesia
 K - 4 scrolls of poison
 M - 7 scrolls of identify
 S - 2 scrolls of enchant armour
 T - 2 scrolls of acquirement
 U - a scroll of enchant weapon
Potions
 c - 3 potions of attraction
 f - 2 potions of brilliance
 h - 6 potions of flight
 j - 6 potions of haste
 k - 10 potions of degeneration
 n - a potion of invisibility
 o - 3 potions of mutation
 p - 2 potions of magic
 q - 13 potions of curing
 s - 7 potions of resistance
 w - 6 potions of lignification
 x - a potion of berserk rage
 D - a potion of ambrosia
 F - 3 potions of might
 L - a potion of cancellation
Miscellaneous
 I - a tin of tremorstones (2/2)


   Skills:
 - Level 17.7 Fighting
 - Level 16.6 Axes
 * Level 13.5 Armour
 + Level 14.5 Shields


You had 15 spell levels left.
You didn't know any spells.
Your spell library contained the following spells:

 Spells                   Type           Power      Damage    Failure   Level
 Apportation              Tloc           0%         N/A       100%        1
 Foxfire                  Conj/Fire      0%         2x1d4     100%        1
 Necrotise                Necr           0%         1d4       100%        1
 Summon Small Mammal      Summ           0%         N/A       100%        1
 Dazzling Flash           Conj/Hex       0%         N/A       100%        3
 Ignite Poison            Fire/Tmut/Pois 0%         N/A       100%        3
 Passage of Golubria      Tloc           0%         N/A       100%        4
 Sticky Flame             Conj/Fire      0%         2d3       100%        4
 Agony                    Necr           0%         N/A       100%        5
 Fireball                 Conj/Fire      0%         3d3       100%        5
 Silence                  Hex/Air        0%         N/A       100%        5
 Plasma Beam              Fire/Air       0%         2x1d11    100%        6
 Starburst                Conj/Fire      0%         6d3       100%        6
 Ignition                 Fire           0%         3d3       100%        8
 Lehudib's Crystal Spear  Conj/Erth      0%         10d2      100%        8


Dungeon Overview and Level Annotations

Branches:
Dungeon (15/15)            Temple (1/1) D:4            Lair (5/5) D:9
  Swamp (0/4) Lair:2        Snake (0/4) Lair:2        Slime (5/5) Lair:5
    Orc (0/2) D:9          Vaults (0/5) D:13         Depths (0/4) D:15
 Bailey (visited)

Altars:
Cheibriados
Dithmenos
Fedhas
Gozag
Kikubaaqudgha
Qazlal
Ru
Sif Muna
Vehumet
Wu Jian
Xom
The Shining One
Jiyva

Shops:
D:2 *   D:3 (!   D:7 *

Annotations:
D:4 1 transporter, Okkudo's ghost, novice HOMo
D:9 3 runed translucent doors, Fractals's ghost, novice TrFi; Jingleheimer's ghost, journeyman OpTm; Noth1ng's ghost, novice MiBe
D:10 3 runed translucent doors, monsoonserge's ghost, journeyman SpHu
Slime:5 Royal Jelly


Innate Abilities, Weirdness & Mutations

You cannot be hasted, slowed, berserked, paralysed or teleported.
You can dig through walls and to a lower floor.
You have a pair of large antennae on your head. (SInv)
Your four strong arms can wield two-handed weapons with a shield.
You are clumsy. (Dex -2)
Your natural rate of healing is unusually fast.
You are robust. (+10% HP)
You occasionally lose the ability to read scrolls when taking damage.


Message History

You completely miss the lindwurm. The lindwurm barely misses you.
You block the lindwurm's attack. x2
The fire dragon breathes flames at you. The blast of flame misses you.
You closely miss the fire dragon.
The fire dragon is moderately wounded.
You slash the lindwurm! You burn the lindwurm. You hit the fire dragon.
You block the fire dragon's attack.
The fire dragon claws you but does no damage.
The fire dragon tramples you.
You stumble backwards!
The fire dragon breathes flames at you. The blast of flame misses you.
You hit the fire dragon but do no damage.
The fire dragon is moderately wounded.
You slash the fire dragon! You burn the fire dragon.
You block the fire dragon's attack. The fire dragon claws you.
You block the fire dragon's attack. The fire dragon breathes flames at you.
The blast of flame hits you!!
* * * LOW HITPOINT WARNING * * *
You closely miss the fire dragon.
The fire dragon is moderately wounded.
You barely miss the lindwurm. You slice the fire dragon!!
You burn the fire dragon. The lindwurm breathes flames at you.
The blast of flame hits you!!
* * * LOW HITPOINT WARNING * * *
The fire dragon bites you but does no damage.
The fire dragon claws you but does no damage.
The fire dragon tramples you.
* * * LOW HITPOINT WARNING * * *
You stumble backwards!
You hit the fire dragon but do no damage.
The fire dragon is moderately wounded.
You slash the fire dragon! You burn the fire dragon.
You hear a distant slurping noise.
The fire dragon breathes flames at you. The blast of flame hits you!!
You feel threatened and lose the ability to read scrolls!
You die...

..........§## ####.....†.†
#...##....≈≈##≈≈##..#.#†#†
≈#.≈≈≈#...§§#§≈≈# #...†..†
≈≈≈.§§≈....§≈≈# #.#.#†#†
#####J≈...§§≈§# #....†† .
##≈§§§§.§§## ###.#.#†
{#≈≈§k.§§§8# #.......
#≈≈≈DD.§§## #.#.#†#.
#≈≈≈@..≈§8####.....†#
#§≈≈.§§§≈###.....#.#.
#≈≈..§§§####.........
#≈§#..§§§.##..........
§≈≈≈##§§§§###.....†....
###≈. .#§≈####...#....†† #
.##≈## #....#.†..†# ≈
#........... ........####


You could see 2 fire dragons, a lindwurm (catching breath) and a neutral jelly
(wandering) (fellow slime).

Vanquished Creatures
  Jorgrun (D:15)
  Agnes (D:14)
  Azrael (D:12)
  A dire elephant (D:15)
  The ghost of auo the Grappler, a journeyman TrTm of Qazlal (Lair:1)
  Josephine (D:15)
  3 vault guards
  7 hydras
  2 ghost crabs (Lair:2)
  3 boulder beetles
  2 catoblepae
  2 two-headed ogres
  A death knight (D:14)
  3 tengu warriors (D:14)
  A centaur warrior (D:13)
  5 death yaks
  Sonja (Lair:2)
  A skyshark (Lair:3)
  A phantasmal warrior (D:14)
  A necromancer (D:13)
  A lindwurm (Lair:5)
  An orc sorcerer (D:15)
  A wizard (D:13)
  An orc knight (D:15)
  4 cyclopes
  10 ugly things (D:14)
  A manticore (D:15)
  A wolf spider (D:15)
  A shining eye (shapeshifter) (D:13)
  A black mamba (shapeshifter) (D:14)
  6 black mambas
  A salamander (D:15)
  19 elephants (Lair:5)
  A torpor snail (Lair:3)
  2 molten gargoyles (Lair:5)
  Maggie (D:6)
  A gargoyle (D:12)
  12 cane toads
  3 rime drakes
  3 unseen horrors
  A kobold demonologist (D:11)
  A spectral skyshark (Lair:2)
  An efreet (D:13)
  12 komodo dragons
  A freezing wraith (D:14)
  4 trolls
  2 tengu conjurers (D:14)
  A hornet (D:9)
  Grinder (D:3)
  Prince Ribbit (Bailey)
  A polar bear (Lair:5)
  7 dream sheep (Lair:5)
  13 blink frogs
  15 slime creatures
  A spectral lindwurm (Lair:2)
  A slime creature (shapeshifter) (D:15)
  A vampire (D:12)
  A water elemental (D:14)
  4 fire elementals (D:12)
  A shadow (D:10)
  9 wraiths
  48 yaks
  Eustachio (D:6)
  26 humans
  Grum (D:11)
  13 wyverns
  7 basilisks
  A steam dragon (D:7)
  A spectral cane toad (Lair:2)
  5 nagas (Lair:2)
  10 vampire mosquitoes
  A warg (D:15)
  5 hell hounds
  An acid dragon (D:13)
  16 water moccasins
  An ice beast (D:8)
  9 orc warriors
  3 sky beasts
  17 wolves
  3 boggarts (D:14)
  3 centaurs
  2 ogres
  2 phantoms
  A spectral basilisk (Lair:2)
  5 kobold brigands
  26 bullfrogs
  5 scorpions
  2 gnoll sergeants
  3 wights (D:7)
  6 killer bees (D:9)
  2 electric eels
  3 howler monkeys
  3 lava snakes (Lair:5)
  7 hounds
  14 jellies
  A gnoll bouda (D:7)
  10 orc priests
  A sleepcap (D:6)
  Jessica (D:3)
  Ijyb (D:5)
  5 iguanas
  4 orc wizards
  16 gnolls
  8 adders
  A shadow imp (D:6)
  4 ufetubi
  3 worms
  2 dart slugs
  36 orcs
  6 bats
  14 endoplasms
  A giant cockroach (D:6)
  16 goblins
  7 hobgoblins
  7 jackals
  3 quokkas
  5 ball pythons
  9 frilled lizards
  25 kobolds
  4 rats
  A butterfly (Lair:4)
633 creatures vanquished.

Vanquished Creatures (others)
  2 slime creatures (D:12)
  3 water moccasins
  7 jellies (Lair:5)
  8 spectral weapons
20 creatures vanquished.

Grand Total: 653 creatures vanquished

Notes
Turn   | Place    | Note
-------+----------+-------------------------------------------
     0 | D:1      | lonewolfV2 the Formicid Fighter began the quest for the
                  | Orb.
     0 | D:1      | Reached XP level 1. HP: 18/18 MP: 1/1
   201 | D:1      | Reached XP level 2. HP: 23/24 MP: 2/2
   514 | D:1      | Reached XP level 3. HP: 28/30 MP: 3/3
   957 | D:2      | Found Onkenuiq's Assorted Antiques.
  1099 | D:2      | Found an ancient bone altar of Kikubaaqudgha.
  1276 | D:2      | Reached XP level 4. HP: 36/37 MP: 4/4
  1336 | D:2      | Reached skill level 4 in Fighting
  1573 | D:2      | Found a faded altar of an unknown god.
  1802 | D:3      | Reached XP level 5. HP: 42/42 MP: 5/5
  1941 | D:3      | Found an opulent altar of Gozag.
  1941 | D:3      | Found an ancient bone altar of Kikubaaqudgha.
  1971 | D:3      | Found Zall's Weapon Boutique.
  2077 | D:3      | Noticed Jessica
  2097 | D:3      | Killed Jessica
  2159 | D:3      | Noticed Grinder
  2190 | D:3      | Killed Grinder
  2191 | D:3      | Reached skill level 5 in Fighting
  2191 | D:3      | Reached skill level 5 in Axes
  2191 | D:3      | Reached XP level 6. HP: 30/51 MP: 6/6
  2191 | D:3      | Reached XP level 7. HP: 33/56 MP: 7/7
  2497 | D:3      | Found Vuogaut's Distillery.
  2519 | D:3      | Bought a potion of heal wounds for 55 gold pieces
  2526 | D:3      | Found a glowing golden altar of the Shining One.
  2873 | D:4      | Found a staircase to the Ecumenical Temple.
  2896 | Temple   | Entered the Ecumenical Temple
  2911 | Temple   | Became a worshipper of Qazlal Stormbringer
  3008 | D:4      | Found a shimmering altar of Xom.
  3162 | D:4      | Found a transporter.
  3165 | D:4      | Noticed Okkudo's ghost (novice HOMo)
  3227 | D:4      | Found the Hermit's Pendant {Faith Invo=14 Evo=0 MP+5}
  3647 | D:5      | Entered Level 5 of the Dungeon
  3690 | D:5      | Reached skill level 6 in Fighting
  3707 | D:5      | Found a radiant altar of Vehumet.
  3707 | D:5      | Noticed Ijyb
  3714 | D:5      | Killed Ijyb
  3736 | D:5      | Reached XP level 8. HP: 20/65 MP: 8/8
  3929 | D:5      | Reached skill level 7 in Fighting
  4619 | D:6      | Noticed Eustachio
  4642 | D:6      | Killed Eustachio
  4720 | D:6      | Found a shimmering blue altar of Sif Muna.
  4823 | D:6      | Noticed Maggie
  4849 | D:6      | Killed Maggie
  4850 | D:6      | Reached skill level 8 in Fighting
  4850 | D:6      | Reached XP level 9. HP: 41/75 MP: 9/9
  5164 | D:6      | Reached * piety under Qazlal
  5176 | D:6      | Reached skill level 9 in Fighting
  6033 | D:6      | Gained mutation: You are clumsy. (Dex -2) [potion of
                  | mutation]
  6033 | D:6      | Gained mutation: Your natural rate of healing is unusually
                  | fast. [potion of mutation]
  6033 | D:6      | Gained mutation: You are robust. (+10% HP) [potion of
                  | mutation]
  6078 | D:7      | Found Bautemp's Assorted Antiques.
  6268 | D:7      | Reached skill level 10 in Fighting
  6356 | D:7      | Found an ornate altar of the Wu Jian Council.
  6478 | D:7      | Found a snail-covered altar of Cheibriados.
  6484 | D:7      | Reached XP level 10. HP: 93/93 MP: 10/10
  6491 | D:7      | Reached skill level 10 in Axes
  6688 | D:7      | Reached skill level 5 in Shields
  6769 | D:7      | Reached ** piety under Qazlal
  7003 | D:8      | Found a shadowy altar of Dithmenos.
  7262 | D:8      | Reached skill level 5 in Armour
  7502 | D:8      | Noticed a two-headed ogre
  7513 | D:8      | Killed a two-headed ogre
  7553 | D:8      | Found a blossoming altar of Fedhas.
  8039 | D:9      | Found a sacrificial altar of Ru.
  8218 | D:9      | Reached XP level 11. HP: 100/100 MP: 21/21
  8253 | D:9      | Found a runed translucent gate.
  8253 | D:9      | Found a runed translucent gate.
  8253 | D:9      | Found a runed translucent gate.
  8265 | D:9      | Noticed Noth1ng's ghost (novice MiBe)
  8265 | D:9      | Noticed Fractals's ghost (novice TrFi)
  8265 | D:9      | Noticed Jingleheimer's ghost (journeyman OpTm)
  8337 | D:9      | Found a staircase to the Orcish Mines.
  8343 | D:9      | Reached *** piety under Qazlal
  8519 | D:9      | Reached skill level 10 in Shields
  8577 | D:9      | Found a staircase to the Lair.
  8613 | D:9      | Found a flagged portal.
  8622 | D:9      | Reached **** piety under Qazlal
  8633 | Bailey   | Entered a bailey
  8713 | Bailey   | Noticed a vault guard
  8713 | Bailey   | Noticed Prince Ribbit
  8719 | Bailey   | Killed Prince Ribbit
  8726 | Bailey   | Killed a vault guard
  8727 | Bailey   | Reached skill level 10 in Armour
  8763 | Bailey   | Noticed a vault guard
  8774 | Bailey   | Killed a vault guard
  8842 | Bailey   | Reached XP level 12. HP: 97/106 MP: 22/22
  9082 | D:10     | Entered Level 10 of the Dungeon
  9083 | D:10     | Noticed a two-headed ogre
  9093 | D:10     | Killed a two-headed ogre
  9132 | D:10     | Found a runed translucent gate.
  9132 | D:10     | Found a runed translucent gate.
  9132 | D:10     | Found a runed translucent gate.
  9277 | D:10     | Reached ***** piety under Qazlal
  9467 | D:10     | Noticed an eight-headed hydra
  9472 | D:10     | Killed a four-headed hydra
  9473 | D:10     | Reached skill level 11 in Fighting
  9704 | D:10     | Noticed monsoonserge's ghost (journeyman SpHu)
 10689 | D:11     | Noticed Grum
 10706 | D:11     | Killed Grum
 10975 | D:12     | Reached skill level 12 in Fighting
 11094 | D:12     | Reached XP level 13. HP: 86/119 MP: 23/23
 11363 | D:12     | Noticed Azrael
 11373 | D:12     | Killed Azrael
 11377 | D:12     | Reached skill level 13 in Fighting
 11630 | D:12     | You fall into a shaft and drop 3 floors!
 11630 | D:15     | Entered Level 15 of the Dungeon
 12081 | D:14     | Reached skill level 14 in Fighting
 12091 | D:14     | Reached ****** piety under Qazlal
 12140 | D:13     | Noticed a centaur warrior
 12149 | D:13     | Killed a centaur warrior
 12352 | D:12     | Identified the +6 arbalest of the Inferno {freeze, Contam
                  | rC+++ Str+3 Dex-5}
 12861 | D:13     | Noticed an entropy weaver
 12871 | D:13     | an entropy weaver changed into a deep troll
 12877 | D:13     | Gained mutation: You occasionally lose the ability to read
                  | scrolls when taking damage. [a shining eye]
 12904 | D:13     | Noticed a vault guard
 12943 | D:13     | Killed a vault guard
 12953 | D:13     | Reached XP level 14. HP: 51/133 MP: 24/24
 12991 | D:13     | Reached skill level 15 in Fighting
 13333 | D:13     | Found a gate to the Vaults.
 13872 | D:14     | Noticed Agnes
 13881 | D:14     | Killed Agnes
 14255 | D:15     | Noticed Josephine
 14264 | D:15     | Killed Josephine
 14363 | D:15     | Reached skill level 15 in Axes
 14400 | D:15     | Reached skill level 16 in Fighting
 14426 | D:15     | Identified the +0 robe "Urrousko" {Drain rC+++ Will- Int+6}
 14500 | D:15     | Noticed Jorgrun
 14532 | D:15     | Killed Jorgrun
 14607 | D:15     | Noticed a dire elephant
 14617 | D:15     | Killed a dire elephant
 14619 | D:15     | Found a staircase to the Depths.
 15263 | Lair:1   | Entered Level 1 of the Lair of Beasts
 15431 | Lair:1   | Found a runed translucent gate.
 15433 | Lair:1   | Found a runed translucent gate.
 15777 | Lair:1   | Found a runed translucent gate.
 15781 | Lair:1   | Noticed auo's ghost (journeyman TrTm)
 15794 | Lair:1   | Found a viscous altar of Jiyva.
 16196 | Lair:1   | Killed auo's ghost
 16317 | Lair:2   | Reached XP level 15. HP: 145/145 MP: 25/25
 16468 | Lair:2   | Found a staircase to the Snake Pit.
 16496 | Lair:2   | Noticed Sonja
 16507 | Lair:2   | Reached skill level 17 in Fighting
 16518 | Lair:2   | Killed Sonja
 16538 | Lair:2   | Found a staircase to the Swamp.
 16572 | Lair:2   | Identified a scroll of acquirement
 17026 | Lair:3   | HP: 7/147 [15-headed hydra (6)]
 17026 | Lair:3   | HP: 3/147 [15-headed hydra (4)]
 19026 | Lair:5   | Entered Level 5 of the Lair of Beasts
 19055 | Lair:5   | Reached XP level 16. HP: 119/157 MP: 9/26
 19198 | Lair:5   | Found a viscous altar of Jiyva.
 19261 | Lair:5   | Found a staircase to the Slime Pits.
 19315 | Slime:1  | Entered Level 1 of the Pits of Slime
 19320 | Lair:5   | Fell from the grace of Qazlal
 19320 | Lair:5   | Became a worshipper of Jiyva Jemudof the Shapeless
 19324 | Slime:1  | Noticed an azure jelly
 19328 | Slime:1  | Noticed a rockslime
 19346 | Slime:1  | Noticed an acid blob
 19629 | Slime:3  | Noticed an azure jelly
 19642 | Slime:3  | Noticed an azure jelly
 19949 | Slime:4  | Noticed an acid blob
 20164 | Slime:5  | Entered Level 5 of the Pits of Slime
 20164 | Slime:5  | Noticed a rockslime
 20175 | Slime:5  | Noticed a rockslime
 20228 | Slime:5  | Noticed an acid blob
 20228 | Slime:5  | Noticed a rockslime
 20231 | Slime:5  | Noticed an azure jelly
 20257 | Slime:5  | Noticed an acid blob
 20262 | Slime:5  | Noticed an azure jelly
 20274 | Slime:5  | Noticed an acid blob
 20277 | Slime:5  | Noticed the Royal Jelly
 20301 | Slime:5  | Noticed an acid blob
 20310 | Slime:5  | Noticed an acid blob
 20315 | Slime:5  | Noticed an azure jelly
 20324 | Slime:5  | Noticed an acid blob
 20328 | Slime:5  | Noticed an acid blob
 20345 | Slime:5  | Found a viscous altar of Jiyva.
 21231 | Lair:5   | Killed from afar by a fire dragon

Illustrated notes

Levels and vault maps discovered:
D:1:      dpeg_arrival_boxorama, layout_loops_ring
D:2:      layout_basic, basic_altar, basic_ecumenical_altar, serial_shops, shop,
          hangedman_decor_slide_cut
D:3:      layout_loops_cross, gammafunk_temple_overflow_wave, tso_altar,
          serial_shops, shop, shop, uniq_grinder, uniq_jessica
D:4:      layout_basic, kennysheep_mini, minmay_temple_entry_sparse_star,
          gammafunk_ghost_mausoleum
D:5:      layout_loops_cross, nicolae_vehumet_altar_sigil, minmay_crystal_water,
          abandoned_shop, uniq_ijyb
D:6:      cheibrodos_barr_body, layout_layer_cave, lemuel_crystal_altar,
          portal_sewer_entry_a, dreamdust_wishing_well, uniq_maggie,
          uniq_eustachio
D:7:      layout_loops_cross, mainiacjoe_overflow_boulevard,
          mainiacjoe_overflow_concentric_impassable, serial_shops,
          nicolae_shop_statue_plus, kennysheep_generic_room_3
D:8:      layout_layer_cave, mainiacjoe_overflow_six_doors_small,
          marbit_many_paths, dreamdust_princess_corridor
D:9:      layout_loops_ring, nicolae_ru_path_of_blood, minmay_lair_entry_grove,
          david_orc_2, enter_bailey_3, gammafunk_ghost_cemetery,
          grunt_ministairs_8
D:10:     layout_basic, gammafunk_ghost_icy
D:11:     layout_roguey, uniq_grum
D:12:     layout_irregular_city, uniq_azrael
D:13:     layout_roguey, grunt_vaults_entry_tiered
D:14:     layout_long_grid, minivault_14, uniq_agnes
D:15:     hangedman_depths_entry_try_elsewhere_first, layout_basic,
          corexii_hall_statues_s, uniq_josephine, uniq_jorgrun
Temple:   bh_familiar_temple
Lair:1:   layout_cave_shapes, gammafunk_ghost_ooze
Lair:2:   layout_roguey, nicolae_swamp_entry_spooky,
          minmay_snake_entry_guardpost_medium, beast_lair_carwin_8,
          infiniplex_staircase_pool, uniq_sonja
Lair:3:   layout_layer_cave, grunt_megastairs_1, lemuel_fruit_tree
Lair:4:   layout_roguey, serial_bayou_shore_b, lemuel_fruit_fields
Lair:5:   cheibrodos_lair_end_hotspot, layout_misc_corridors,
          minmay_slime_entry_jelly_boxes, chequers_serial_rivers_room_a,
          st_stairs_9
Slime:1:  layout_caves
Slime:2:  cheibrodos_slime_lost_civilization_10, layout_caves, uniq_dissolution
Slime:3:  layout_caves
Slime:4:  layout_caves
Slime:5

Skill      XL: |  1  2  3  4  5  6  7  8  9 10 11 12 13 14 15 16 |
---------------+-------------------------------------------------+-----
Axes           | 3 4 5 6 8 9 10 12 14 15 16 | 16.6
Fighting       | 4 5 6 8 10 12 14 16 17 | 17.7
Armour         | 7 10 12 13 | 13.5
Shields        | 8 12 13 14 | 14.5

Action                     |  1- 3 |  4- 6 |  7- 9 | 10-12 | 13-15 | 16-18 || total
---------------------------+-------+-------+-------+-------+-------+-------++-------
  Melee: War axe           |   102 |    98 |   144 |       |       |       ||   344
         Broad axe         |       |       |    93 |   160 |   173 |   152 ||   578
         Battleaxe         |       |       |       |   320 |   422 |       ||   742
 Invoke: Disaster Area     |       |       |       |       |     3 |       ||     3
Ability: Dig               |       |       |     1 |       |       |     2 ||     3
  Evoke: Wand              |       |       |     2 |     1 |     2 |       ||     5
    Use: Scroll            |     5 |     3 |     7 |    10 |     2 |       ||    27
         Potion            |       |       |     9 |       |     4 |     3 ||    16
   Stab: Distracted        |       |       |       |       |     4 |       ||     4
 Armour: Scale mail        |    33 |    23 |    42 |     4 |       |       ||   102
         Chain mail        |       |       |       |    17 |       |       ||    17
         Plate armour      |       |       |       |   127 |   190 |    52 ||   369
  Dodge: Dodged            |    21 |    13 |    78 |    51 |    68 |    23 ||   254
         Repelled          |       |       |       |       |     3 |       ||     3
  Block: Tower shield      |    86 |    89 |   295 |   669 |   898 |   207 ||  2244
         Reflection        |       |       |     1 |       |       |       ||     1
